 Dungeon Crawl Stone Soup version 0.28.0-45-g0d030f2227 (webtiles) character file.

Game seed: 7705727038824236980

0 Romesagentofchaos the Vexing (level 1, -2/13 HPs)
             Began as a Human Wanderer on Apr 15, 2022.
             Slain by a quokka (5 damage)
             ... on level 1 of the Dungeon.
             The game lasted 00:00:14 (39 turns).

Romesagentofchaos the Vexing (Human Wanderer)         Turns: 39, Time: 00:00:15

Health: -2/13      AC:  2    Str:  9    XL:     1   Next: 0%
Magic:  2/2        EV: 11    Int: 11    God:
Gold:   0          SH:  0    Dex: 16    Spells: 1/2 levels left

rFire   . . .      SeeInvis .   a - +2 short sword
rCold   . . .      Faith    .   (no shield)
rNeg    . . .      Spirit   .   d - +0 robe
rPois   .          Reflect  .   (no helmet)
rElec   .          Harm     .   (no cloak)
rCorr   .          Rampage  .   (no gloves)
Will    .....                   (no boots)
Stlth   +.........              (no amulet)
HPRegen 0.04/turn               (no ring)
MPRegen 0.08/turn               (no ring)

@: no status effects
A: no striking features
a: no special abilities


You were on level 1 of the Dungeon.
You visited 1 branch of the dungeon, and saw 1 of its levels.

Inventory:

Hand Weapons
 a - a +2 short sword (weapon)
 c - a +0 dagger
Missiles
 b - 8 poisoned darts (quivered)
Armour
 d - a +0 robe (worn)


   Skills:
 + Level 3.0 Short Blades
 + Level 2.0 Throwing
 + Level 1.0 Armour
 + Level 1.0 Spellcasting
 + Level 3.0 Hexes


You had one spell level left.
You knew the following spells:

 Your Spells              Type           Power      Damage    Failure   Level
a - Slow                  Hex            28%        N/A       10%         1

Your spell library contained the following spells:

 Spells                   Type           Power      Damage    Failure   Level
 Tukima's Dance           Hex            7%         N/A       28%         3


Dungeon Overview and Level Annotations

Branches:
Dungeon (1/15)

Altars:


Message History

You begin with the following items: a +2 short sword, 8 poisoned darts, a +0 dagger, a +0 robe; and the following spell memorised: Slow; and the following spells available to memorise: Tukima's Dance.
You open the door.
There is an open door here.
You open the door.
There is an open door here.
You open the door.
There is an open door here.
You open the gate.
A quokka and a rat come into view.
Found a stone staircase leading down.
There is an open gate here.
A frilled lizard comes into view.
Found 16 stones.
A quokka comes into view.
The rat closely misses you.
You hit the rat but do no damage. The quokka bites you.
You miss the quokka. The rat bites you. The quokka misses you.
The quokka twitches its whiskers.
You completely miss the quokka. The rat closely misses you.
The quokka bites you.
You closely miss the quokka.
The rat twitches its whiskers.
The rat barely misses you. The quokka misses you.
You barely miss the quokka. The quokka closely misses you.
The rat closely misses you.
You hit the quokka but do no damage. The quokka barely misses you.
The rat misses you.
You hit the quokka.
The quokka is severely wounded.
The quokka bites you. The rat closely misses you.
The quokka closely misses you.
You closely miss the quokka.
The quokka is severely wounded.
The quokka barely misses you. The rat bites you.
* * * LOW HITPOINT WARNING * * *
The quokka bites you but does no damage.
You hit the quokka.
You kill the quokka!
The quokka bites you.
You die...

..... ...... ......
......###############
#..#....#...§≈≈≈...# ♣♣
#.......#..........#♣♣.
#....rr8#....≈≈....#♣.♣
#....†@.'..........#♣.♣
#.......'..........'.♣♣
.........'..........####
........8#....≈≈....#...
.(.....###..........#..<
..>.... #...≈≈≈≈...#...
....#.. ###############
##..... #l....


You could see a quokka and a rat.

Vanquished Creatures
  A quokka (D:1)
1 creature vanquished.

Notes
Turn   | Place    | Note
-------+----------+-------------------------------------------
     0 | D:1      | Romesagentofchaos the Human Wanderer began the quest for
                  | the Orb.
     0 | D:1      | Romesagentofchaos set off with the following items: a +2
                  | short sword, 8 poisoned darts, a +0 dagger, a +0 robe; and
                  | the following spell memorised: Slow; and the following
                  | spells available to memorise: Tukima's Dance
     0 | D:1      | Reached XP level 1. HP: 13/13 MP: 2/2
    39 | D:1      | Slain by a quokka

Illustrated notes

Levels and vault maps discovered:
D:1:      scummos_arrival_gate, layout_basic

Action                   || total
-------------------------++-------
Melee: Short sword       ||     9
Armor: Robe              ||     1
Dodge: Dodged            ||    12
